Map: 2000 Atmospheres LE

Players

A.I. 1 (Very Easy) - Winner!

  • Race: Zerg Zerg

RustyShacky

  • Race: Terran Terran

VOD

Have the link to the VOD?

Description

Time

  • Played on: Jan. 25, 2022, 12:39 a.m.
  • Length: 9:59
Show
View Real Time Build Order
Export as new Build Order

A.I. 1 (Very Easy) Zerg - Winner!

Build Orders: Pool Only 

Get SALT Encoding   

  12  0:01  Drone  
  13  0:12  Overlord  
  13  0:16  Drone  
  14  0:35  Spawning Pool  
  13  0:36  Extractor  
  13  0:39  Drone  
  13  0:46  Drone  
  14  0:51  Overlord  
  14  1:21  Queen  
  14  1:22  Zergling x2  
  17  1:29  Roach Warren  
  17  1:32  Drone  
  17  1:36  Extractor  
  16  1:41  Drone  
  17  1:49  Zergling x2  
  18  1:59  Drone  
  19  2:06  Drone  
  21  2:15  Drone  
  21  2:16  Zergling x2  
  22  2:26  Overlord  
  22  2:28  Drone  
  23  2:35  Drone  
  24  2:43  Roach, Drone  
  27  5:30  Zergling x2  
  27  5:35  Queen  
  23  5:43  Overlord  
  23  5:44  Drone  
  17  5:52  Drone  
  12  5:57  Zergling x2  
  12  5:59  Drone  
  9  6:06  Drone  
  9  6:07  Spawning Pool  
  6  6:13  Drone  
  4  6:20  Drone  
  2  6:27  Drone  
Show
View Real Time Build Order
Export as new Build Order

RustyShacky Terran 

Build Orders: Mech 

Get SALT Encoding   

  12  0:00  SCV  
  13  0:12  SCV  
  14  0:17  Supply Depot  
  14  0:24  SCV  
  15  0:38  SCV  
  15  0:39  Barracks  
  16  0:43  Refinery  
  16  0:50  SCV  
  17  1:02  SCV  
  18  1:14  SCV  
  19  1:26  Marine  
  19  1:27  Orbital Command  
  20  1:39  Command Center  
  20  1:44  Marine  
  21  1:54  SCV  
  22  1:58  Supply Depot  
  22  2:02  Barracks Reactor  
  22  2:06  SCV  
  23  2:11  Factory  
  23  2:20  SCV  
  24  2:27  Refinery  
  24  2:28  Bunker  
  24  2:32  SCV  
  25  2:38  Marine x2  
  25  2:44  SCV  
  28  2:53  Orbital Command  
  28  2:56  SCV  
  28  2:57  Refinery  
  29  3:00  Factory Tech Lab  
  29  3:01  Starport  
  29  3:07  Marine  
  29  3:08  Marine, SCV  
  32  3:20  SCV  
  32  3:21  SCV  
  32  3:25  Siege Tank  
  37  3:28  Marine x2  
  37  3:32  SCV  
  37  3:33  SCV  
  41  3:38  Supply Depot  
  41  3:40  Medivac  
  43  3:45  SCV x2  
  45  3:57  SCV  
  45  3:59  Siege Tank, SCV  
  45  4:01  Supply Depot  
  50  4:05  Marine x2  
  50  4:09  SCV  
  53  4:11  SCV  
  54  4:18  Fusion Core  
  54  4:23  Medivac, SCV x2  
  58  4:25  Supply Depot  
  58  4:31  Siege Tank  
  58  4:32  Marine  
  62  4:46  Marine, SCV x2  
  62  4:50  Command Center  
  62  4:51  Supply Depot  
  65  4:52  Supply Depot  
  65  5:02  SCV x2  
  65  5:06  Refinery  
  67  5:13  Battlecruiser  
  73  5:15  Supply Depot  
  73  5:18  Supply Depot, SCV  
  73  5:20  SCV  
  75  5:23  Hellion  
  75  5:26  Hellion  
  79  5:31  SCV  
  79  5:32  SCV  
  81  5:37  Factory  
  81  5:41  Factory  
  81  5:44  Hellion  
  81  5:47  Hellion, SCV x2  
  87  5:54  Armory  
  87  5:57  Armory  
  87  5:59  SCV x2  
  85  6:12  Hellion x2  
  85  6:16  SCV x2  
  91  6:18  Refinery  
  91  6:22  Refinery  
  91  6:26  Factory Tech Lab x2, Supply Depot  
  91  6:27  Supply Depot  
  91  6:28  SCV x2  
  91  6:30  Orbital Command  
  93  6:35  Hellion x2  
  97  6:43  Terran Vehicle Weapons Level 1  
  97  6:46  Siege Tank  
  103  6:47  Siege Tank  
  103  6:52  Supply Depot  
  103  6:54  Supply Depot  
  103  6:58  SCV x3  
  106  7:01  Infernal Pre-Igniter  
  106  7:04  Hellbat x2  
  106  7:08  Terran Vehicle And Ship Armor Level 1  
  110  7:18  Thor  
  110  7:19  Thor  
  122  7:24  SCV x3  
  125  7:33  Command Center  
  125  7:36  SCV x3  
  128  7:37  Hellbat x2  
  128  7:40  Supply Depot  
  132  7:49  Battlecruiser  
  138  8:00  Supply Depot  
  138  8:01  Supply Depot, Engineering Bay  
  138  8:02  Thor  
  144  8:07  Thor  
  144  8:10  Hellbat  
  144  8:12  Hellbat  
  154  8:28  Supply Depot  
  154  8:30  Supply Depot  
  154  8:34  Smart Servos  
  154  8:35  Supply Depot  
  154  8:38  Hellbat x2  
  158  8:45  Thor  
  158  8:46  Factory  
  158  8:47  Factory  
  164  8:50  Thor  
  170  8:59  Hellbat x2  
  174  9:08  Command Center  
  180  9:22  Hellbat x2  
  184  9:28  Hellbat  
  186  9:32  Factory Tech Lab, Factory Reactor  
  186  9:33  Hellbat  
  188  9:40  Refinery  
  188  9:43  Refinery  
Tags
 
Composition
Mech
Matchup
TvZ
Opening
Pool Only
Add a new tag
Caveats
  • Supply blocks, unpowered buildings, or Contaminate may cause inaccurate times.
  • Supply counts are checked every 10 seconds.